 Dungeon Crawl Stone Soup version 0.31-a0-818-ge7c7cf74f0 (webtiles) character file.

Game seed: 15970095512993387297

294 Kurtz the Chopper (level 6, -10/63 HPs)
             Began as an Octopode Fighter on Sept 23, 2023.
             Was a Believer of Kikubaaqudgha.
             Mangled by Menkaure (17 damage)
             ... in an ossuary.
             The game lasted 00:02:53 (3174 turns).

Kurtz the Chopper (Octopode Fighter)                Turns: 3174, Time: 00:02:54

Health: -10/63     AC: 23    Str: 17    XL:     6   Next: 34%
Magic:  6/6        EV:  2    Int: 10    God:    Kikubaaqudgha [**....]
Gold:   128        SH:  4    Dex: 12    Spells: 5/5 levels left

rFire   . . .        a - +0 war axe
rCold   . . .        b - +0 buckler
rNeg    . . .        e - melded +2 hat
rPois   +            d - amulet of the acrobat
rElec   .            (no ring)
rCorr   .            (no ring)
SInv    .            (no ring)
Will    .....        (no ring)
Stlth   +            (no ring)
HPRegen 0.30/turn    (no ring)
MPRegen 0.10/turn    (no ring)
                     (no ring)

%: acrobat
@: tree-form, hasted, very quick
A: stationary, stasis, torment immunity, boosted hp, almost no armour,
(amphibious), 8 rings, (camouflage 1), (gelatinous body 1), (nimble swimmer 1),
(tentacles)
a: Renounce Religion, Unearth Wretches


You were in an ossuary.
You worshipped Kikubaaqudgha.
Kikubaaqudgha was pleased with you.
You were a tree.
You visited 1 branch of the dungeon, and saw 4 of its levels.
You also visited: Ossuary.

You collected 128 gold pieces.

Inventory:

Hand Weapons
 a - a +0 war axe (weapon)
Missiles
 s - 5 poisoned darts (quivered)
Armour
 b - a +0 buckler (worn)
 e - a +2 hat (melded)
Jewellery
 d - an amulet of the acrobat (around neck)
Wands
 n - a wand of flame (41)
Scrolls
 f - 4 scrolls of identify
 g - a scroll of enchant weapon {unknown}
 h - a scroll of poison {unknown}
 i - a scroll of fog {unknown}
 j - a scroll of vulnerability {unknown}
 k - a scroll of blinking {unknown}
 l - a scroll of silence {unknown}
 m - a scroll of immolation {unknown}
 o - a scroll of teleportation {unknown}
Potions
 c - a potion of might
 q - a potion of enlightenment
 r - 2 potions of haste


   Skills:
 - Level 3.0 Fighting
 * Level 6.3 Axes
 - Level 3.0 Dodging
 - Level 3.0 Shields
 * Level 1.0 Necromancy


You had 5 spell levels left.
You didn't know any spells.
Your spell library contained the following spells:

 Spells                   Type           Power      Damage    Failure   Level
 Necrotise                Necr           8%         1d4       32%         1
 Sublimation of Blood     Necr           2%         N/A       43%         2
 Vampiric Draining        Necr           2%         2d6       67%         3
 Animate Dead             Necr           2%         N/A       97%         4


Dungeon Overview and Level Annotations

Branches:
Dungeon (4/15)            Ossuary (1/1)
 Temple: D:4-7

Altars:
Ashenzari
Gozag
Kikubaaqudgha
Sif Muna
Wu Jian

Shops:
D:1 *

Annotations:
Ossuary Menkaure


Innate Abilities, Weirdness & Mutations

You are a tree.
Your roots penetrate the ground, keeping you stationary.
You cannot be teleported.
You are immune to unholy pain and torment.
Your maximum health is greatly increased.
You cannot wear most types of armour.
((You are amphibious.))
You can wear up to eight rings at the same time.
((Your skin changes colour to match your surroundings (Stealth+).))
((Your rubbery body absorbs attacks. (AC +1, EV +1)))
((You are camouflaged when in or above water. (Stealth+)))
((You have tentacles for arms and can constrict up to eight enemies at once.))


Message History

* * * LOW HITPOINT WARNING * * *
You slash the mummy!
You destroy the mummy!
Kikubaaqudgha accepts your kill.
Menkaure casts a spell.
Menkaure seems to speed up.
It was a potion of enlightenment.
Your roots keep you in place.
The goblin skeleton hits you but does no damage.
It was a potion of haste.
You feel yourself speed up.
You barely miss the goblin skeleton.
The goblin skeleton hits you but does no damage.
You barely miss the goblin skeleton.
The goblin skeleton hits you but does no damage.
You slash the goblin skeleton!
You destroy the goblin skeleton!
Kikubaaqudgha accepts your kill.
You barely miss Menkaure.
Menkaure says, "Why can't you leave me to my rest?"
Menkaure hits you but does no damage.
You hit Menkaure.
Menkaure is moderately damaged.
Your enlightenment fades.
Menkaure hits you.
* * * LOW HITPOINT WARNING * * *
You closely miss Menkaure.
Menkaure is moderately damaged.
You block Menkaure's attack.
You hit Menkaure.
Menkaure is moderately damaged.
Menkaure hits you but does no damage.
You hit Menkaure.
Menkaure is heavily damaged.
Menkaure hits you but does no damage.
You hit Menkaure.
Menkaure is heavily damaged.
You hit Menkaure.
Menkaure is severely damaged.
Menkaure hits you!
You die...
Kikubaaqudgha rasps: "You have failed me!
Welcome... death!"

#..##..##..####..##..##..##
..##..##..##.!##..##..##..##
.##^.##..##..?!##..##..##..##
##..##..## .?!.!##..##..##..##
#^.##..## !∩∩M..##..##..##..##
..##..## ..?....##..##^.##..##
.##..## .!...Z..##..##..##..##
##..##############''##..##..##..#
#...............♣M...##..##..##..
########################..##..##.
...........................##..##
##############################..#
.................................
#################################


You could see Menkaure (fast).

Vanquished Creatures
  A human zombie (D:4)
  Terence (D:2)
  Jessica (D:2)
  Ijyb (D:4)
  Natasha (D:4)
  3 mummies (Ossuary)
  2 adders
  A worm (D:2)
  A dart slug (D:2)
  3 orcs (D:3)
  6 endoplasms
  3 giant cockroaches
  2 gnoll zombies (Ossuary)
  2 hobgoblins
  4 jackals (D:1)
  5 quokkas
  4 ball pythons (D:1)
  6 bats
  9 frilled lizards
  5 gnoll skeletons (Ossuary)
  5 goblins
  5 goblin skeletons (Ossuary)
  6 goblin zombies (Ossuary)
  4 hobgoblin skeletons (Ossuary)
  5 hobgoblin zombies (Ossuary)
  A jackal zombie (D:4)
  7 kobolds
  3 kobold skeletons (Ossuary)
  A kobold zombie (Ossuary)
  2 orc skeletons (Ossuary)
  3 orc zombies (Ossuary)
  2 rats (D:1)
  6 rat skeletons (Ossuary)
  8 rat zombies (Ossuary)
119 creatures vanquished.

Vanquished Creatures (others)
  A human (D:3)
1 creature vanquished.

Grand Total: 120 creatures vanquished

Notes
Turn   | Place    | Note
-------+----------+-------------------------------------------
     0 | D:1      | Kurtz the Octopode Fighter began the quest for the Orb.
     0 | D:1      | Reached XP level 1. HP: 16/16 MP: 1/1
   178 | D:1      | Reached XP level 2. HP: 20/21 MP: 2/2
   216 | D:1      | Reached skill level 3 in Axes
   229 | D:1      | Found a faded altar of an unknown god.
   712 | D:1      | Found Xip Pous's General Store.
   819 | D:1      | Reached XP level 3. HP: 18/26 MP: 3/3
  1382 | D:2      | Reached skill level 4 in Axes
  1434 | D:2      | Noticed Jessica
  1438 | D:2      | Killed Jessica
  1439 | D:2      | Reached XP level 4. HP: 31/31 MP: 4/4
  1565 | D:2      | Noticed Terence
  1571 | D:2      | Killed Terence
  2052 | D:3      | Found an ancient bone altar of Kikubaaqudgha.
  2056 | D:3      | Noticed a human
  2058 | D:3      | Killed a human
  2064 | D:3      | Reached skill level 5 in Axes
  2066 | D:3      | Reached XP level 5. HP: 24/36 MP: 5/5
  2114 | D:3      | Became a worshipper of Kikubaaqudgha
  2677 | D:4      | Noticed Natasha
  2689 | D:4      | Killed Natasha
  2692 | D:4      | Found an opulent altar of Gozag.
  2692 | D:4      | Found an ornate altar of the Wu Jian Council.
  2692 | D:4      | Found a shimmering blue altar of Sif Muna.
  2692 | D:4      | Found a broken altar of Ashenzari.
  2803 | D:4      | Found a sand-covered staircase.
  2813 | D:4      | Noticed Ijyb
  2821 | D:4      | Killed Ijyb
  2827 | Ossuary  | Entered an ossuary
  2832 | Ossuary  | Reached XP level 6. HP: 34/42 MP: 6/6
  2891 | Ossuary  | Reached skill level 6 in Axes
  2905 | Ossuary  | Reached * piety under Kikubaaqudgha
  2905 | Ossuary  | Received a gift from Kikubaaqudgha
  3044 | Ossuary  | Reached ** piety under Kikubaaqudgha
  3145 | Ossuary  | Noticed Menkaure
  3151 | Ossuary  | Reached skill level 1 in Necromancy
  3174 | Ossuary  | Mangled by Menkaure

Illustrated notes

Levels and vault maps discovered:
D:1:      heliophobic_arrival_enchanted_forest, layout_loops_corners,
          serial_shops, nicolae_shop_peninsula,
          chequers_ecumenical_altar_simple_redux, hangedman_decor_points
D:2:      layout_rooms, hangedman_decor_peaks_small, minmay_lizard_pond,
          uniq_jessica, uniq_terence
D:3:      layout_loops_ring, tgw_kikubaaqudgha, minmay_statues_item
D:4:      layout_loops_ring, grunt_temple_overflow_cloverleaf, enter_ossuary_3,
          uniq_ijyb, uniq_natasha
Ossuary:  ossuary_due_pyramid

Skill      XL: |  1  2  3  4  5  6 |
---------------+-------------------+-----
Axes           | 3 4 5 6 |  6.3
Necromancy     | 1 |  1.0
Fighting       | |  3.0
Dodging        | |  3.0
Shields        | |  3.0

Action                     |  1- 3 |  4- 6 || total
---------------------------+-------+-------++-------
  Melee: War axe           |    63 |   153 ||   216
         Constrict         |    18 |    49 ||    67
         Tentacles         |     8 |    36 ||    44
         Punch             |       |     2 ||     2
    Use: Potion            |       |     4 ||     4
         Scroll            |       |     2 ||     2
   Stab: Sleeping          |     8 |    12 ||    20
         Distracted        |       |     1 ||     1
 Armour: Skin              |    22 |    54 ||    76
  Dodge: Dodged            |    60 |    55 ||   115
  Block: Buckler           |    13 |    21 ||    34

Table legend: (Time is in decaauts)
 A = Elapsed time spent in this place.
 B = Non-inter-level travel time spent in this place.
 C = Inter-level travel time spent in this place.
 D = Time resting spent in this place.
 E = Time spent auto-exploring this place.
 F = Levels seen in this place.
 G = Mean time per level.
                   A        B        C        D        E       F      G
               +--------+--------+--------+--------+--------+-----+--------+
         Total |   3232 |   3072 |    160 |    358 |   2041 |   5 |  646.4 |
       Dungeon |   2866 |   2706 |    160 |    358 |   1914 |   4 |  716.5 |
       Ossuary |    365 |    365 |      0 |      0 |    127 |   1 |  365.0 |
               +--------+--------+--------+--------+--------+-----+--------+

Top non-repeatable levels by time:
     D:1: 1266 daAuts
     D:2: 756 daAuts
     D:3: 678 daAuts
 Ossuary: 365 daAuts
     D:4: 166 daAuts
